AoeStats
← .|.

MegaRandom

510660206Analyzed
4v4 RM · 21h ago on Oct 2, 2026· 19m 17s· 8 players
Game mode
Random Map
Map size
Large (8 player)
Population
200
Speed
Normal
Resources
Standard
Victory
Conquest
Starting age
Dark Age
Ending age
Imperial Age
RankedLock teamsTeams togetherTeam positionsShared explorationLock speedFull tech treeHidden civsTurbo modeCheats
Victory
Defeat
🇲🇽 Khmer · Mexico
1384
+16
🇺🇸 Ethiopians · United States
1352
+17
🇨🇴 Hindustanis · Colombia
1329
+18
🇺🇸 Saracens · United States
1319
+18
🇺🇸 Burgundians · United States
1424
-19
🇨🇳 Bohemians · China
1400
-18
🇦🇷 Teutons · Argentina
1380
-18
🇮🇹 Slavs · Italy
1292
-14
Frikadeller
0:39 Loom
12:25 Feudal Age
16:39 Castle Age
15:04 Double-Bit Axe
15:30 Horse Collar
18:50 Bow Saw
santinc98
0:31 Loom
10:37 Feudal Age
13:09 Town Watch
13:56 Double-Bit Axe
13:52 Horse Collar
18:49 Fletching
19:18 Gold Mining
HOCK
0:31 Loom
11:45 Feudal Age
12:17 Double-Bit Axe
15:53 Town Watch
16:47 Wheelbarrow
18:34 Fletching
.|.
8:03 Loom
10:23 Feudal Age
14:39 Castle Age
13:00 Double-Bit Axe
15:56 Forging
ila
0:36 Loom
7:47 Double-Bit Axe
11:02 Feudal Age
9:51 Horse Collar
17:01 Scale Barding Armor
18:22 Forging
120057903
0:36 Loom
12:27 Feudal Age
16:15 Castle Age
14:22 Double-Bit Axe
17:24 Bow Saw
18:09 Horse Collar
ZarckNogh
0:40 Loom
12:06 Feudal Age
12:59 Double-Bit Axe
16:05 Town Watch
19:06 Castle Age
17:03 Horse Collar
18:49 Scale Barding Armor
18:57 Bloodlines
lillithadam20
4:41 Loom
13:11 Feudal Age
18:27 Castle Age
Connection lost

Rejoining the realm…

Still unreachable

The connection could not be restored.

Session expired

The server has moved on; the page needs a fresh start.